 Dungeon Crawl Stone Soup version 0.31-a0-149-g3fdcc5976a (webtiles) character file.

Game seed: 16661507323363565751

75 qw the Shooter (level 4, -1/38 HPs)
             Began as a Minotaur Hunter on June 7, 2023.
             Slain by a gnoll
             ... wielding a +0 flail
              (4 damage)
             ... on level 2 of the Dungeon.
             The game lasted 00:00:27 (1593 turns).

qw the Shooter (Minotaur Hunter)                    Turns: 1593, Time: 00:00:28

Health: -1/38      AC:  5    Str: 22    XL:     4   Next: 11%
Magic:  3/3        EV: 11    Int:  6    God:
Gold:   136        SH:  0    Dex: 15    Spells: 3/3 levels left

rFire   . . .        Y - +0 shortbow
rCold   . . .        (shield currently unavailable)
rNeg    . . .        j - +0 ring mail
rPois   .            (helmet restricted)
rElec   .            (no cloak)
rCorr   .            (no gloves)
SInv    .            (no boots)
Will    .....        (no amulet)
Stlth   +            h - +6 ring of strength
HPRegen 0.26/turn    (no ring)
MPRegen 0.08/turn

%: no passive effects
@: about to teleport
A: horns 2, retaliatory headbutt
a: no special abilities


You were on level 2 of the Dungeon.
You visited 1 branch of the dungeon, and saw 2 of its levels.

You collected 136 gold pieces.


Innate Abilities, Weirdness & Mutations

You have a pair of horns on your head.
You reflexively headbutt those who attack you in melee.


   Skills:
 - Level 3.0 Fighting
 + Level 5.8 Ranged Weapons
 - Level 1.1 Armour
 - Level 2.1 Dodging
 - Level 0.7 Stealth


You had 3 spell levels left.
You didn't know any spells.
Your spell library was empty.

Inventory:

Hand Weapons
 Y - a +0 shortbow (weapon)
Armour
 j - a +0 ring mail (worn)
Jewellery
 a - a +6 ring of dexterity
 d - a ring of protection from fire
 f - a +4 ring of slaying {mikee}
 h - a +6 ring of strength (left hand)
 m - a +5 ring of evasion
Scrolls
 i - 4 scrolls of identify
 n - a scroll of blinking {unknown}
Potions
 b - a potion of invisibility {unknown}
 c - a potion of brilliance {unknown}
 e - a potion of heal wounds
 k - a potion of attraction {unknown}
 l - a potion of magic {unknown}

Dungeon Overview and Level Annotations

Branches:
Dungeon (2/15)

Altars:


Message History

2 gnolls come into view.
The gnoll shouts! x2; You hear a shout! x2
A gnoll comes into view. It is wielding a +0 flail.
Found 9 gold pieces.
Enter note:
Enter note:
Enter note:
Enter note:
Enter note:
Enter note:
Enter note:
Enter note:
Enter note:
Enter note:
Enter note:
Enter note: You shoot an arrow.
The arrow hits the gnoll!
The gnoll is heavily wounded.
You shoot an arrow.
The arrow hits the gnoll but does no damage.
The gnoll is heavily wounded.
A gnoll comes into view. It is wielding a +0 flail.
You shoot an arrow. The arrow barely misses the gnoll.
The gnoll shouts!
The gnoll closely misses you. You furiously retaliate!
You headbutt the gnoll!
You kill the gnoll!
The gnoll hits you with a +0 flail. The gnoll closely misses you.
You have reached level 4!
You feel stronger.
You shoot an arrow.
The arrow hits the gnoll but does no damage.
The gnoll hits you but does no damage. The gnoll hits you with a +0 flail!
The gnoll barely misses you.
You shoot an arrow. The arrow closely misses the gnoll.
The gnoll hits you from afar with a +0 spear!
The gnoll hits you with a +0 flail! The gnoll hits you with a +0 flail.
1593 ||| READING scroll of teleportation.
As you read the scroll of teleportation, it crumbles to dust.
You feel strangely unstable. The gnoll completely misses you.
The gnoll hits you with a +0 flail.
You die...

...# #.# ...# ####.#
...# # #..#.# ..)+
.. #..#.# ...# ...
#######..#.# ...#
.... #........#.#
...# .....
#.#####.##.### ..##
......#)#####......#
..##..
.....gg@..........##
..##..
......#g#########.#
..##># ####+ #.#..#
#.# ...... #.#..#
#.# ..##.# ##
#.#..######.# ..##.#
.. ..#.........#
..##.# .#
###.######..#
)....##.# #.# #..#
.###....# #.# #..#


You could see 3 gnolls.

Vanquished Creatures
  A gnoll (D:2)
  2 adders (D:2)
  A worm (D:2)
  A dart slug (D:1)
  2 endoplasms
  3 goblins
  5 hobgoblins
  8 jackals
  4 quokkas
  2 ball pythons (D:1)
  2 bats
  3 frilled lizards (D:1)
  3 kobolds (D:1)
  2 rats (D:1)
39 creatures vanquished.

Notes
Turn   | Place    | Note
-------+----------+-------------------------------------------
     0 | D:1      | qw the Minotaur Hunter began the quest for the Orb.
     0 | D:1      | Reached XP level 1. HP: 18/18 MP: 0/0
     0 | D:1      | 0 ||| qw: Version: 0.2-a-117-gc6b5c8b
     0 | D:1      | 0 ||| qw: Game counter: 2556
     0 | D:1      | 0 ||| qw: Always use a shield: true
     0 | D:1      | 0 ||| qw: God list: Okawaru
     0 | D:1      | 0 ||| qw: Allow faded altars: false
     0 | D:1      | 0 ||| qw: Do Orc after D:15 true
     0 | D:1      | 0 ||| qw: Do second Lair branch before Depths: true
     0 | D:1      | 0 ||| qw: Lair rune preference: random
     0 | D:1      | 0 ||| qw: Plans: Normal
     0 | D:1      | 0 ||| PLANNING D:1-11
    39 | D:1      | HP: 4/18 [quokka (2)]
    40 | D:1      | Reached XP level 2. HP: 6/25 MP: 1/1
    43 | D:1      | Reached skill level 5 in Ranged Weapons
   410 | D:1      | Reached skill level 3 in Fighting
   700 | D:1      | 700 ||| UPGRADING to +0 ring mail.
   710 | D:1      | 710 ||| DROPPING +0 leather armour.
   711 | D:1      | 711 ||| UPGRADING to +6 ring of strength.
   712 | D:1      | 712 ||| READING scroll labelled XAN ZABIEHISH.
   713 | D:1      | 713 ||| READING scroll labelled QOXICR OSKAA.
   714 | D:1      | 714 ||| READING 2 scrolls labelled AXZEGE PYXONA.
   717 | D:1      | 717 ||| READING 2 scrolls labelled WUNLICWU ZAIHA.
   718 | D:1      | 718 ||| DRINKING 2 pink potions.
   719 | D:1      | 719 ||| DROPPING scroll of butterflies.
   772 | D:2      | Reached XP level 3. HP: 31/31 MP: 2/2
   895 | D:2      | Reached skill level 1 in Armour
  1591 | D:2      | Reached XP level 4. HP: 30/38 MP: 3/3
  1592 | D:2      | HP: 5/38 [gnoll/+0 flail (9)]
  1593 | D:2      | 1593 ||| READING scroll of teleportation.
  1593 | D:2      | Slain by a gnoll

Levels and vault maps discovered:
D:1:      lordsloth_arrival_two_stooges, layout_loops_ring
D:2:      layout_basic, roderic_lattice_a

Skill      XL: |  1  2  3 |
---------------+----------+-----
Ranged Weapons | 5 |  5.8
Fighting       | 3 |  3.0
Armour         | 1 |  1.1
Dodging        | |  2.1
Stealth        | |  0.7

Action                     |  1- 3 |  4- 6 || total
---------------------------+-------+-------++-------
   Fire: Shortbow          |    96 |     2 ||    98
    Use: Scroll            |     4 |     1 ||     5
         Potion            |     1 |       ||     1
 Armour: Leather armour    |    13 |       ||    13
         Ring mail         |    11 |     1 ||    12
  Dodge: Dodged            |    43 |     2 ||    45

Table legend:
 A = Non-vault XP
 B = Vault XP
 C = Vault XP percentage of total XP
 D = Non-vault monster count
 E = Vault monster count
 F = Vault count percentage of total count
                 A         B        C        D         E       F
            +---------+---------+-------+---------+---------+-------
      Total |     108 |       0 |   0.0 |      39 |       0 |   0.0
            +---------+---------+-------+---------+---------+-------
        D:1 |      39 |       0 |   0.0 |      23 |       0 |   0.0
        D:2 |      69 |       0 |   0.0 |      16 |       0 |   0.0
            +---------+---------+-------+---------+---------+-------
